Match 42372725
Unlisted

Match 42372725
End
Construct Section Command Post
Royal Engineer Section
Selects Canadian Shock Battlegroup
Selects Canadian Shock Battlegroup
Dingo Light Scout Car
Infantry Section
Selects Offensive Resupply
Selects Canadian Shock Section
Canadian Shock Section
Construct Platoon Command Post
Canadian Shock Section
Selects Incendiary Munitions
Infantry Training
Unlock Bishop Self-propelled Artillery
Bishop Self-propelled Artillery
Selects Pyrotechnics
Light Vehicle Training
6-pounder Anti-tank Gun Team
crip walking barrage
MonikaのPants
Mo-J
Wheeler
0
0

Comments sign in to comment!

No comments posted yet!